 Dungeon Sprint DCSS version 0.30-a0-738-g116ff8c4af (webtiles) character file.

Game seed: 12076016066103865875

668 BigDaddyOpFi the Thaumaturge (level 7, -2/45 HPs)
             Began as a Djinni Earth Elementalist on Feb 3, 2023.
             Was a High Priest of Qazlal.
             Slain by an orc knight
             ... wielding a +0 great mace
              (14 damage)
             ... in the Dungeon (Sprint VII: "The Pits").
             The game lasted 00:01:55 (1066 turns).

BigDaddyOpFi the Thaumaturge (DjEE)                 Turns: 1066, Time: 00:01:55

Health: -2/45      AC:  5    Str:  7    XL:     7   Next: 88%
Gold:   0          EV: 12    Int: 18    God:    Qazlal [*****.] SH:  7 Dex: 14

rFire   + + .      SeeInvis .    i - +2 hand axe
rCold   x . .      Faith    .    (no shield)
rNeg    . . .      Spirit   .    a - +0 robe
rPois   ∞          Reflect  .    (no helmet)
rElec   .          Harm     .    (no cloak)
rCorr   .          Rampage  .    (no gloves)
Will    .....      NoTele   +    (boots unavailable)
Stlth   +                        (no amulet)
HPRegen 0.27/turn                (no ring)
MPRegen 0.00/turn                (no ring)

@: confusing by touch, protected from physical damage, flying, repel missiles
A: sickness immunity, fire resistance 2, cold vulnerability 1, float, innate
caster, HP casting, extra vitality 1
a: Renounce Religion, Upheaval, Elemental Force, Disaster Area


You were in the Dungeon.
You worshipped Qazlal.
Qazlal was extremely pleased with you.
You visited 1 branch

Inventory:

Hand Weapons
 i - a +2 hand axe (weapon)
Armour
 a - a +0 robe (worn)
Scrolls
 g - a scroll of blinking
Potions
 b - 5 potions of magic
 c - 6 potions of curing
 d - a potion of heal wounds
 e - a potion of haste
 f - 3 potions of berserk rage
 h - 2 potions of invisibility


   Skills:
 - Level 2.5 Dodging
 - Level 2.0 Stealth
 * Level 10.4 Spellcasting
 + Level 9.2 Invocations


You had 10 spell levels left.
You knew the following spells:

 Your Spells              Type           Power      Damage    Failure   Level
a - Sandblast             Erth           92%        2d19      1%          1
b - Passwall              Tmut/Erth      38%        N/A       1%          2
c - Stone Arrow           Conj/Erth      92%        3d12      1%          3
d - Petrify               Tmut/Erth      46%        N/A       1%          4
e - Sting                 Tmut/Pois      100%       1d8       1%          1
f - Poisonous Vapours     Pois/Air       92%        N/A       1%          2
g - Confusing Touch       Hex            46%        N/A       1%          3
Your spell library was empty.

Dungeon Overview and Level Annotations

Branches:
Dungeon (1/1)

Altars:
Ashenzari
Cheibriados
Dithmenos
Elyvilon
Fedhas
Gozag
Hepliaklqana
Makhleb
Nemelex Xobeh
Okawaru
Qazlal
Ru
Trog
Uskayaw
Wu Jian
Xom
Yredelemnul
Zin
The Shining One
Jiyva
Lugonu


Innate Abilities, Weirdness & Mutations

You are immune to sickness and miasma.
You are immune to poison.
Your flesh is very heat resistant. (rF++)
You are vulnerable to cold. (rC-)
You float through the air rather than walking.
You learn spells naturally, not from books.
Your magical power is your life essence.
You have superior vitality. (+4 MHP)


Message History

Qazlal accepts your kill. The orc warrior barely misses you.
Your Invocations skill increases to level 8!
Activating: Disaster Area (13% risk of failure)
Press: ? - help, Dir - look around, f - activate
Okay, then.
The orc warrior is struck by lightning.
The orc warrior hits you from afar with a +0 trident.
Activating: Disaster Area (13% risk of failure)
Press: ? - help, Dir - look around, f - activate Nature churns violently around you!
The blast of ice hits the orc warrior!!
You kill the orc warrior!
Qazlal accepts your kill.
The blast of ice hits the orc!!
You kill the orc!
Qazlal accepts your kill.
The cutting wind hits the orc warrior!
The orc warrior is moderately wounded.
The cutting wind hits the orc knight!
The orc knight is moderately wounded.
The cutting wind hits the orc knight!!
The orc knight is severely wounded.
The cutting wind hits the orc warrior!!
You kill the orc warrior!
Qazlal accepts your kill.
The orc knight is struck by lightning.
Your Spellcasting skill increases to level 10!
Your Invocations skill increases to level 9!
Okay, then.
Casting: Confusing Touch (safe; 1% risk of failure)
Confirm with . or Enter, or press ? or * to list all spells.
Aiming: Stone Arrow (safe; 1% risk of failure)
Press: ? - help, Shift-Dir - straight line, f - orc knight
Aim: an orc knight, wielding a +0 great mace and wearing a +0 chain mail (severely wounded, poisoned, chance to confuse on hit: 50%, 73% to hit)
The stone arrow hits the orc knight!
The orc knight is almost dead.
* * * LOW HITPOINT WARNING * * *
The orc knight hits you with a +0 great mace!
You die...

#.#####'#####...<...#
#.#...)))[.##.......#
#.#...)))[.##.......#
#)###########.......#
#)......#.. #########
#..###..#.# ####
#.......#.#....#
##.###.##)#○...#
#.......#@o§...+
#..###..#'#.)..#
#.......).# ...#
########### ###


You could see an orc knight (poisoned).

Vanquished Creatures
  A warg (D)
  A swamp drake (D)
  2 orc warriors (D)
  A bullfrog (D)
  A jelly (D)
  An orc priest (D)
  An iron imp (D)
  Jessica (D)
  An iguana (D)
  A small abomination (D)
  An adder (D)
  A river rat (D)
  An adder skeleton (D)
  A worm (D)
  8 orcs (D)
  3 endoplasms (D)
  2 giant cockroaches (D)
  A goblin (D)
  A quokka (D)
  2 kobolds (D)
32 creatures vanquished.

Notes
Turn   | Place    | Note
-------+----------+-------------------------------------------
     0 | D        | BigDaddyOpFi the Djinni Earth Elementalist began the quest
                  | for the Orb.
     0 | D        | BigDaddyOpFi set off with the following spells memorised:
                  | Sandblast, Passwall, Stone Arrow, Petrify.
     0 | D        | Reached XP level 1. HP: 15/15 MP: 0/0
    39 | D        | Found a bloodstained altar of Trog.
    39 | D        | Found a viscous altar of Jiyva.
    39 | D        | Found a hazy altar of Hepliaklqana.
    39 | D        | Found an opulent altar of Gozag.
    40 | D        | Found a glowing golden altar of the Shining One.
    40 | D        | Found a glowing silver altar of Zin.
    40 | D        | Found a basalt altar of Yredelemnul.
    40 | D        | Found a shimmering altar of Xom.
    40 | D        | Found an ornate altar of the Wu Jian Council.
    40 | D        | Found a sacrificial altar of Ru.
    40 | D        | Found a stormy altar of Qazlal.
    40 | D        | Found an iron altar of Okawaru.
    40 | D        | Found a sparkling altar of Nemelex Xobeh.
    40 | D        | Found a burning altar of Makhleb.
    40 | D        | Found a blossoming altar of Fedhas.
    40 | D        | Found a white marble altar of Elyvilon.
    40 | D        | Found a shadowy altar of Dithmenos.
    40 | D        | Found a snail-covered altar of Cheibriados.
    42 | D        | Found a corrupted altar of Lugonu.
    43 | D        | Found a hide-covered altar of Uskayaw.
    43 | D        | Found a broken altar of Ashenzari.
    46 | D        | Became a worshipper of Qazlal Stormbringer
   183 | D        | Reached skill level 3 in Spellcasting
   183 | D        | Reached skill level 1 in Invocations
   183 | D        | Reached * piety under Qazlal
   288 | D        | Reached XP level 2. HP: 20/21 MP: 0/0
   406 | D        | Reached ** piety under Qazlal
   407 | D        | Reached skill level 4 in Spellcasting
   407 | D        | Reached XP level 3. HP: 23/25 MP: 0/0
   407 | D        | Learned a level 1 spell: Sting
   538 | D        | Noticed a bullfrog
   540 | D        | Noticed Jessica
   545 | D        | Killed a bullfrog
   545 | D        | Reached *** piety under Qazlal
   546 | D        | Reached skill level 5 in Spellcasting
   546 | D        | Reached XP level 4. HP: 12/31 MP: 0/0
   548 | D        | Reached skill level 6 in Spellcasting
   548 | D        | Reached XP level 5. HP: 32/35 MP: 0/0
   548 | D        | Learned a level 2 spell: Poisonous Vapours
   550 | D        | Reached **** piety under Qazlal
   554 | D        | Reached skill level 5 in Invocations
   557 | D        | Killed Jessica
   558 | D        | Reached skill level 7 in Spellcasting
   560 | D        | Reached XP level 6. HP: 25/40 MP: 0/0
   648 | D        | Reached ***** piety under Qazlal
   832 | D        | Reached skill level 8 in Spellcasting
  1054 | D        | Noticed a warg
  1054 | D        | Noticed a swamp drake
  1054 | D        | Noticed an orc knight
  1054 | D        | Noticed an orc warrior
  1054 | D        | Noticed an orc warrior
  1060 | D        | Killed a warg
  1061 | D        | Reached skill level 9 in Spellcasting
  1061 | D        | Reached XP level 7. HP: 45/45 MP: 0/0
  1061 | D        | Learned a level 3 spell: Confusing Touch
  1065 | D        | Reached ****** piety under Qazlal
  1066 | D        | Reached skill level 10 in Spellcasting
  1066 | D        | Slain by an orc knight

Illustrated notes

Levels and vault maps discovered:
D:        pitsprint [storerooms_1, entrance_room_1, metal_vault_2, armoury_1,
          mini_pit_1, grid_room_1, main_hall_1, silver_pit, the_coven_1,
          the_vestibule_1, steel_vault_5, golden_pit, hallway_of_sentries,
          crystal_vault_5, iron_vault_4, final_vault]

Skill      XL: |  1  2  3  4  5  6  7 |
---------------+----------------------+-----
Stealth        | 2 |  2.0
Spellcasting   | 3 4 5 6 7 9 10 | 10.4
Invocations    | 1 2 4 6 7 9 |  9.2
Dodging        | |  2.5

Action                     |  1- 3 |  4- 6 |  7- 9 || total
---------------------------+-------+-------+-------++-------
  Melee: Hand axe          |     1 |       |       ||     1
   Cast: Sandblast         |    18 |       |       ||    18
         Stone Arrow       |     2 |    21 |     1 ||    24
         Poisonous Vapours |       |     3 |       ||     3
         Confusing Touch   |       |       |     2 ||     2
 Invoke: Disaster Area     |       |       |     1 ||     1
    Use: Potion            |     1 |     3 |     1 ||     5
 Armour: Robe              |     4 |     1 |     1 ||     6
  Dodge: Dodged            |    11 |     5 |     1 ||    17
  Block: Other             |       |     5 |       ||     5

Table legend: (Time is in decaauts)
 A = Elapsed time spent in this place.
 B = Non-inter-level travel time spent in this place.
 C = Inter-level travel time spent in this place.
 D = Time resting spent in this place.
 E = Time spent auto-exploring this place.
 F = Levels seen in this place.
 G = Mean time per level.
                   A        B        C        D        E       F      G
               +--------+--------+--------+--------+--------+-----+--------+
         Total |   1074 |   1060 |     14 |    895 |      0 |   1 | 1074.0 |
       Dungeon |   1074 |   1060 |     14 |    895 |      0 |   1 | 1074.0 |
               +--------+--------+--------+--------+--------+-----+--------+

Top non-repeatable levels by time:
       D: 1074 daAuts
